 Dungeon Crawl Stone Soup version 0.27.0-66-gdc8fb28755 (webtiles) character file.

Game seed: 8363026860327192918

149 Kinoniko the Chopper (level 5, -4/47 HPs)
             Began as a Gnoll Berserker on Aug 20, 2021.
             Was a Believer of Trog.
             Killed from afar by an orc wizard (6 damage)
             ... with a magic dart
             ... on level 3 of the Dungeon.
             The game lasted 00:01:44 (1858 turns).

Kinoniko the Chopper (Gnoll Berserker)              Turns: 1858, Time: 00:01:45

Health: -4/47      AC:  2    Str: 17    XL:     5   Next: 31%
Magic:  6/7        EV: 13    Int:  7    God:    Trog [**....]
Gold:   126        SH:  0    Dex: 11    Spells: 6/6 levels left

rFire    . . .     SeeInvis .   l - +0 war axe
rCold    . . .     Faith    .   (no shield)
rNeg     . . .     Spirit   .   b - +0 animal skin
rPois    .         Reflect  .   (no helmet)
rElec    .         Harm     .   (no cloak)
rCorr    .         Rampage  .   (no gloves)
Will     .....                  (no boots)
Stlth    ++........             (no amulet)
HPRegen  0.15/turn              (no ring)
MPRegen  0.10/turn              (no ring)

@: on berserk cooldown, slowed, very slow
A: fangs 1, strong nose, distributed training
a: Renounce Religion, Berserk, Trog's Hand


You were on level 3 of the Dungeon.
You worshipped Trog.
Trog was pleased with you.
You visited 1 branch of the dungeon, and saw 3 of its levels.

You collected 126 gold pieces.

Inventory:

Hand Weapons
 a - a +0 hand axe
 l - a +0 war axe (weapon)
Missiles
 f - 7 javelins (quivered)
Armour
 b - a +0 animal skin (worn)
 d - a +0 plate armour
Jewellery
 g - a ring of positive energy
Scrolls
 h - a scroll of vulnerability {unknown}
 j - a scroll of identify {unknown}
 m - a scroll of noise {unknown}
 n - a scroll of silence {unknown}
 o - a scroll of magic mapping {unknown}
Potions
 c - 2 potions of haste {unknown}
 e - a potion of heal wounds {unknown}
 i - a potion of curing {unknown}
 k - a potion of lignification {unknown}


   Skills:
 + Level 6.7 Fighting
 + Level 1.4 Short Blades
 + Level 1.4 Long Blades
 + Level 6.7 Axes
 + Level 1.4 Maces & Flails
 + Level 1.4 Polearms
 + Level 1.4 Staves
 + Level 1.4 Slings
 + Level 1.4 Bows
 + Level 1.4 Crossbows
 + Level 1.4 Throwing
 + Level 4.7 Armour
 + Level 4.7 Dodging
 + Level 1.4 Stealth
 + Level 1.4 Shields
 + Level 1.4 Unarmed Combat
 + Level 1.4 Spellcasting
 + Level 1.1 Conjurations
 + Level 1.1 Hexes
 + Level 1.1 Summonings
 + Level 1.1 Necromancy
 + Level 1.1 Translocations
 + Level 1.1 Transmutations
 + Level 1.1 Fire Magic
 + Level 1.1 Ice Magic
 + Level 1.1 Air Magic
 + Level 1.1 Earth Magic
 + Level 1.1 Poison Magic
 + Level 1.6 Invocations
 + Level 1.4 Evocations


You had 6 spell levels left.
You didn't know any spells.
Your spell library was empty.

Dungeon Overview and Level Annotations

Branches:
Dungeon (3/15)

Altars:


Innate Abilities, Weirdness & Mutations

You have very sharp teeth.
Your uncanny sense of smell can sniff out nearby items.
Your experience applies equally to all skills.


Message History

You hit the orc. You slash something! Something barely misses you.
The orc closely misses you. The orc priest hits you with a +0 whip.
Items here: )) [ †.
Unknown command.
You barely miss the orc priest. You completely miss something.
You hit something. You closely miss the orc.
A rat comes into view.
The orc priest hits you with a +0 whip. Something hits you.
* * * LOW HITPOINT WARNING * * *
The orc hits you with a +0 short sword.
* * * LOW HITPOINT WARNING * * *
You slash the orc priest!
The orc priest is severely wounded.
You closely miss something. You slash something! You slash the orc!
You kill the orc!
Trog accepts your kill. Something hits you.
* * * LOW HITPOINT WARNING * * *
You slash the orc priest!
You kill the orc priest!
Trog accepts your kill.
You barely miss something. You miss something. Something hits you.
* * * LOW HITPOINT WARNING * * *
Something hits you.
* * * LOW HITPOINT WARNING * * *
You are no longer berserk.
You are exhausted.
You feel yourself slow down. Something hits you.
* * * LOW HITPOINT WARNING * * *
Things that are here:
a +0 short sword; a +0 ring mail; an orc corpse Unknown command.
You miss something. You closely miss something. Something barely misses you. x2
Unknown command.
You barely miss something. x2
You hear some strange, mumbled words.
A magic dart appears from out of thin air!
The magic dart hits you.
You die...

###### #....# . #....#
#..
############....##..
#...............'..#
##.########.....##.##.
#.########†##@..r....
#.....#...>.{{.......
#####.#.#####.)..#...
#.....# #....# .
#.##### #....# #.#
#....# #.#∆ #....# #.#
#....# #.# #....#


You could see a rat.

Vanquished Creatures
  2 orc priests (D:3)
  An orc wizard (D:3)
  An adder (D:2)
  A dart slug (D:1)
  3 orcs (D:3)
  3 ball pythons
  8 bats
  5 endoplasms
  2 giant cockroaches (D:1)
  3 goblins
  5 hobgoblins
  3 jackals (D:1)
  2 quokkas
  3 frilled lizards
  2 kobolds
  4 rats
48 creatures vanquished.

Notes
Turn   | Place    | Note
-------+----------+-------------------------------------------
     0 | D:1      | Kinoniko the Gnoll Berserker began the quest for the Orb.
     0 | D:1      | Reached XP level 1. HP: 23/23 MP: 1/1
   280 | D:1      | Reached XP level 2. HP: 25/29 MP: 2/2
   510 | D:1      | Reached XP level 3. HP: 27/35 MP: 3/3
   511 | D:1      | Reached ** piety under Trog
  1075 | D:2      | Reached skill level 1 in Invocations
  1404 | D:2      | Reached skill level 1 in Short Blades
  1404 | D:2      | Reached skill level 1 in Long Blades
  1404 | D:2      | Reached skill level 1 in Maces & Flails
  1404 | D:2      | Reached skill level 1 in Polearms
  1404 | D:2      | Reached skill level 1 in Staves
  1404 | D:2      | Reached skill level 1 in Slings
  1404 | D:2      | Reached skill level 1 in Bows
  1404 | D:2      | Reached skill level 1 in Crossbows
  1404 | D:2      | Reached skill level 1 in Throwing
  1404 | D:2      | Reached skill level 1 in Stealth
  1404 | D:2      | Reached skill level 1 in Shields
  1404 | D:2      | Reached skill level 1 in Unarmed Combat
  1404 | D:2      | Reached skill level 1 in Spellcasting
  1404 | D:2      | Reached skill level 1 in Evocations
  1846 | D:3      | Reached XP level 4. HP: 41/41 MP: 5/5
  1848 | D:3      | Reached skill level 1 in Conjurations
  1848 | D:3      | Reached skill level 1 in Hexes
  1848 | D:3      | Reached skill level 1 in Summonings
  1848 | D:3      | Reached skill level 1 in Necromancy
  1848 | D:3      | Reached skill level 1 in Translocations
  1848 | D:3      | Reached skill level 1 in Transmutations
  1848 | D:3      | Reached skill level 1 in Fire Magic
  1848 | D:3      | Reached skill level 1 in Ice Magic
  1848 | D:3      | Reached skill level 1 in Air Magic
  1848 | D:3      | Reached skill level 1 in Earth Magic
  1848 | D:3      | Reached skill level 1 in Poison Magic
  1851 | D:3      | Reached XP level 5. HP: 30/47 MP: 6/6
  1856 | D:3      | HP: 1/47 [something (2)]
  1858 | D:3      | Killed from afar by an orc wizard

Illustrated notes

Levels and vault maps discovered:
D:1:      giann_horns, layout_basic, skrybe_limestone_x
D:2:      layout_loops_ring
D:3:      layout_basic, nicolae_hepliaklqana_hazy_memory,
          ebering_ecumenical_altar_box, uniq_terence

Skill      XL: |  1  2  3  4 |
---------------+-------------+-----
Invocations    | 1 |  1.6
Short Blades   | 1 |  1.4
Long Blades    | 1 |  1.4
Maces & Flails | 1 |  1.4
Polearms       | 1 |  1.4
Staves         | 1 |  1.4
Slings         | 1 |  1.4
Bows           | 1 |  1.4
Crossbows      | 1 |  1.4
Throwing       | 1 |  1.4
Stealth        | 1 |  1.4
Shields        | 1 |  1.4
Unarmed Combat | 1 |  1.4
Spellcasting   | 1 |  1.4
Evocations     | 1 |  1.4
Conjurations   | 1 |  1.1
Hexes          | 1 |  1.1
Summonings     | 1 |  1.1
Necromancy     | 1 |  1.1
Translocations | 1 |  1.1
Transmutations | 1 |  1.1
Fire Magic     | 1 |  1.1
Ice Magic      | 1 |  1.1
Air Magic      | 1 |  1.1
Earth Magic    | 1 |  1.1
Poison Magic   | 1 |  1.1
Fighting       | |  6.7
Axes           | |  6.7
Armour         | |  4.7
Dodging        | |  4.7

Action                   |  1- 3 |  4- 6 || total
-------------------------+-------+-------++-------
Melee: Hand axe          |    91 |       ||    91
       Bite              |     9 |     1 ||    10
       War axe           |    12 |    10 ||    22
Invok: Berserk           |     2 |       ||     2
 Stab: Sleeping          |     2 |       ||     2
Armor: Animal skin       |    34 |       ||    34
Dodge: Dodged            |    91 |     7 ||    98
